 Dungeon Crawl Stone Soup version 0.21.1-1-g345015f (webtiles) character file.

2893 Mirai the Carver (level 9, -12/71 HPs)
             Began as a Demonspawn Berserker on Feb 5, 2018.
             Was a High Priest of Trog.
             Shot with a bolt by an orc warrior (14 damage)
             ... in a bailey on Feb 6, 2018.
             The game lasted 00:36:10 (6539 turns).

Mirai the Carver (Demonspawn Berserker)             Turns: 6539, Time: 00:36:11

Health: -12/71     AC: 19    Str: 20    XL:     9   Next: 48%
Magic:  9/9        EV: 12    Int: 10    God:    Trog [*****.]
Gold:   315        SH:  0    Dex: 12    Spells: 8/8 levels left

rFire    + . .     SeeInvis .   a - +1 falchion
rCold    . . .     Gourm    .   (no shield)
rNeg     . . .     Faith    .   F - +0 chain mail (curse)
rPois    .         Spirit   .   q - +0 helmet
rElec    .         Reflect  .   h - +0 cloak
rCorr    .         Harm     .   C - +0 pair of gloves
MR       +....                  (no boots)
Stlth    ..........             x - amulet of magic regeneration
HPRegen  0.21/turn              t - +3 ring of evasion
MPRegen  0.36/turn              f - ring of protection from magic

@: sanguine armour, very slow
A: hooves 1, demonic guardian 1, fire resistance 1, ignite blood, flame cloud
immunity, sanguine armour 1
a: Berserk, Trog's Hand, Brothers in Arms, Burn Spellbooks, Renounce Religion


You were in a bailey.
You worshipped Trog.
Trog was extremely pleased with you.
You were not hungry.

You visited 1 branch of the dungeon, and saw 7 of its levels.
You also visited: Bailey.

You collected 315 gold pieces.

Inventory:

Hand Weapons
 a - a +1 falchion (weapon)
Missiles
 H - 10 tomahawks (quivered)
Armour
 g - a +1 plate armour
 h - a +0 cloak (worn)
 q - a +0 helmet (worn)
 y - a +0 plate armour
 C - a +0 pair of gloves (worn)
 F - a cursed +0 chain mail (worn)
 G - a +0 leather armour of magic resistance
 I - a cursed -1 chain mail
Jewellery
 f - a ring of protection from magic (right hand)
 i - an uncursed ring of fire
 o - a +2 ring of dexterity {unknown}
 p - an uncursed ring of protection from fire {unknown}
 t - a +3 ring of evasion (left hand)
 w - a +3 ring of strength
 x - an amulet of magic regeneration (around neck)
Wands
 b - a wand of iceblast (11)
 j - a wand of digging (27)
 D - a wand of polymorph (9)
 K - a wand of random effects (49)
Scrolls
 e - 3 scrolls of teleportation
 u - 5 scrolls of identify
Potions
 d - a potion of resistance
 k - a potion of invisibility
 l - 2 potions of lignification
 n - 4 potions of flight
 r - 3 potions of curing
 s - a potion of brilliance
 v - a potion of magic
 z - a potion of heal wounds
Comestibles
 c - 13 rations
 m - 8 chunks of flesh


   Skills:
 + Level 6.7 Fighting
 + Level 9.2 Long Blades
 + Level 5.7 Armour
 + Level 3.3 Dodging
 - Level 0.8 Stealth


You had 8 spell levels left.
You didn't know any spells.

Dungeon Overview and Level Annotations

Branches:
Dungeon (7/15)             Temple (0/1) D:6

Altars:
Kikubaaqudgha


Innate Abilities, Weirdness & Mutations

You have large cloven feet.
A weak demonic guardian rushes to your aid.
Your flesh is heat resistant. (rF+)
Your demonic aura causes spilled blood to erupt in flames.
You are immune to clouds of flame.
When seriously injured, your bleeding wounds create armour. (AC +6)


Message History

The orc warrior shoots a bolt.
The bolt closely misses you.
You see here a bolt.
The orc warrior shoots a bolt.
The bolt hits you!
* * * LOW HITPOINT WARNING * * *
Your white imp gestures at the orc warrior.
The puff of frost hits the orc warrior.
You see here a bolt.
The orc warrior shoots a bolt.
The bolt hits you!
* * * LOW HITPOINT WARNING * * *
You see here a bolt.
Your white imp gestures at the orc warrior.
You hear a sizzling sound!
Found a gate leading back out of this place.
Why would you want to do that?
You enter the shallow water.
Moving in this stuff is going to be slow.
Your white imp gestures at the orc warrior.
The puff of frost hits the orc warrior.
The orc warrior shoots a bolt.
The bolt hits you!
You die...

#......≈≈
#......≈≈ ≈≈
#......≈≈ ≈
#......≈# ∩#
#......≈. . ≈≈
#......≈##.# ≈≈≈
#......≈≈#o#≈≈≈≈
#......@≈≈≈≈≈≈≈≈
#...............
#....§§.........
#.....5.........
#....§..........
#.∩.§...........
#∩.(............
################


You could see an orc warrior and a friendly white imp.

Vanquished Creatures
  4 ice beasts
  3 orc warriors (D:7)
  A necrophage (D:7)
  A centaur (D:6)
  6 ogres
  A bullfrog (D:7)
  A scorpion (D:7)
  A crimson imp (D:6)
  A quasit (D:7)
  A centaur zombie (D:5)
  A hound (D:6)
  A jelly (D:6)
  2 bullfrog skeletons
  2 bullfrog zombies (D:5)
  3 orc priests
  A gnoll shaman (D:4)
  7 orc wizards
  Jessica (D:2)
  Ijyb (D:3)
  5 iguanas
  3 worker ants
  Natasha (thrice) (D:3)
  A killer bee zombie (D:5)
  A howler monkey zombie (D:5)
  17 gnolls
  10 adders
  A shadow imp (D:7)
  2 oozes
  An adder skeleton (D:6)
  2 worms (D:2)
  4 dart slugs
  2 leopard geckos
  28 orcs
  2 ball pythons (D:2)
  3 bat zombies (D:6)
  2 giant cockroaches (D:4)
  17 goblins
  16 hobgoblins
  22 jackals
  7 quokkas
  8 bats
  3 frilled lizards
  4 kobolds
  A leopard gecko skeleton (D:4)
  10 rats
214 creatures vanquished.

Vanquished Creatures (collateral kills)
  A sky beast (D:6)
  2 gnolls
  4 orcs
  A jackal (D:6)
8 creatures vanquished.

Grand Total: 222 creatures vanquished

Notes
Turn   | Place    | Note
-------+----------+-------------------------------------------
     0 | D:1      | Mirai the Demonspawn Berserker began the quest for the Orb.
     0 | D:1      | Reached XP level 1. HP: 18/18 MP: 1/1
    94 | D:1      | Reached skill level 3 in Long Blades
    94 | D:1      | Gained mutation: You have large cloven feet. [demonic ancestry]
    94 | D:1      | Reached XP level 2. HP: 6/24 MP: 2/2
   585 | D:1      | Reached XP level 3. HP: 24/29 MP: 3/3
   696 | D:1      | Reached ** piety under Trog
  1762 | D:2      | Gained mutation: When seriously injured, your bleeding wounds create armour. (AC +6) [demonic ancestry]
  1762 | D:2      | Reached XP level 4. HP: 37/37 MP: 4/4
  2073 | D:2      | Noticed Jessica
  2080 | D:2      | Killed Jessica
  2098 | D:2      | Reached *** piety under Trog
  2334 | D:3      | Noticed Natasha
  2340 | D:3      | Killed Natasha
  2340 | D:3      | Gained mutation: Your flesh is heat resistant. (rF+) [demonic ancestry]
  2340 | D:3      | Reached XP level 5. HP: 30/42 MP: 5/5
  2367 | D:3      | Reached skill level 4 in Long Blades
  2411 | D:3      | Noticed Natasha
  2428 | D:3      | Killed Natasha
  2582 | D:3      | Noticed Natasha
  2589 | D:3      | Killed Natasha
  2794 | D:3      | Noticed Ijyb
  2809 | D:3      | Killed Ijyb
  2809 | D:3      | Reached **** piety under Trog
  2938 | D:3      | Gained mutation: You are immune to clouds of flame. [demonic ancestry]
  2938 | D:3      | Reached XP level 6. HP: 48/48 MP: 6/6
  3463 | D:4      | Reached skill level 5 in Long Blades
  3534 | D:4      | Gained mutation: Your demonic aura causes spilled blood to erupt in flames. [demonic ancestry]
  3534 | D:4      | Reached XP level 7. HP: 39/55 MP: 7/7
  3882 | D:4      | Reached skill level 6 in Long Blades
  4349 | D:4      | Reached skill level 5 in Fighting
  4456 | D:5      | Entered Level 5 of the Dungeon
  4494 | D:5      | Gained mutation: A weak demonic guardian rushes to your aid. [demonic ancestry]
  4494 | D:5      | Reached XP level 8. HP: 36/62 MP: 8/8
  4953 | D:5      | Reached skill level 7 in Long Blades
  5202 | D:6      | Reached ***** piety under Trog
  5403 | D:6      | Found an ancient bone altar of Kikubaaqudgha.
  5496 | D:6      | Reached skill level 5 in Armour
  5508 | D:6      | Reached skill level 8 in Long Blades
  5554 | D:6      | Found a staircase to the Ecumenical Temple.
  5841 | D:6      | Reached XP level 9. HP: 69/69 MP: 9/9
  6470 | D:7      | Reached skill level 9 in Long Blades
  6525 | D:7      | Found a flagged portal.
  6532 | Bailey   | Entered a bailey
  6536 | Bailey   | HP: 1/71 [orc warrior/bolt (11)]
  6539 | Bailey   | Shot with a bolt by an orc warrior

Skill      XL: |  1  2  3  4  5  6  7  8  9 |
---------------+----------------------------+-----
Long Blades    | 3 4 5 6 8 9 |  9.2
Dodging        | 2 3 |  3.3
Armour         | 2 3 5 |  5.7
Fighting       | 4 5 6 |  6.7
Stealth        | |  0.8

Action                   |  1- 3 |  4- 6 |  7- 9 || total
-------------------------+-------+-------+-------++-------
Melee: Falchion          |   105 |   153 |   314 ||   572
       Kick              |    33 |    36 |   113 ||   182
Invok: Berserk           |     4 |     5 |     6 ||    15
       Trog's Hand       |       |       |     1 ||     1
  Use: Scroll            |       |     5 |     4 ||     9
       Potion            |       |     8 |     2 ||    10
 Stab: Invisible         |       |       |     1 ||     1
       Distracted        |       |       |     1 ||     1
  Eat: Chunk             |     6 |    10 |    16 ||    32
Armor: Leather armour    |    24 |     8 |       ||    32
       Scale mail        |       |     7 |       ||     7
       Skin              |       |     5 |       ||     5
       Plate armour      |       |    14 |   168 ||   182
       Chain mail        |       |       |    23 ||    23
Dodge: Dodged            |    84 |   103 |   177 ||   364
       Rpst.: Falchion   |    20 |    34 |    45 ||    99
